Workbook
Name _____LO25: #REF!
Name _____LO25: #REF!
Name _____LO25: #REF!
Name _____LO25: #REF!
Name ____LO25: #REF!
Name ____LO25: #REF!
Name ____LO25: #REF!
Name ____LO25: #REF!
Name ___LO25: #REF!
Name ___LO25: #REF!
Name ___LO25: #REF!
Name ___LO25: #REF!
Name __LO25: #REF!
Name __LO25: #REF!
Name __LO25: #REF!
Name __LO25: #REF!
Name __xlfn_IFERROR: #N/A
Name _LO25: #REF!
Name _LO25: #REF!
Name _LO25: #REF!
Name _LO25: #REF!
Name AbaDeprec: #REF!
Name AbaDeprec: #REF!
Name AbaDeprec: #REF!
Name AbaDeprec: #REF!
Name AbaRemun: #REF!
Name AbaRemun: #REF!
Name AbaRemun: #REF!
Name AbaRemun: #REF!
Name AbaRemun: #REF!
Name Horário: #REF!
Name Horário: #REF!
Name Horário: #REF!
Name Horário: #REF!
Name sesi: #REF!
Name sesi: #REF!
Name sesi: #REF!
Name sesi: #REF!

Sheet Resumo
A1: Prefeitura Municipal de São Marcos
A2: Resumo Custo Edital de Serviços de Cuidador - Secretaria de Educação
A3: Item | B3: Descrição | C3: PO R$/mês | D3: Nr. de Func. | E3: Hrs Func/ Mês | F3: Custo por funcionário | G3: Custo por Hora | H3: Total R$/ano
A4: 1.1 | B4: Cuidador 40 horas | C4: ='1.1 Cuidador 40hr'!E16 -> 193819.23 | D4: ='1.1 Cuidador 40hr'!C28 -> 30 | E4: ='1.1 Cuidador 40hr'!B76 -> 165.43 | F4: =C4/D4 -> 6460.6409 | G4: =F4/E4 -> 39.053623 | H4: =C4*12 -> 2325830.7
A5: 1.2 | B5: Cuidador 20 horas | C5: ='1.2 Cuidador 20hr'!E16 -> 73499.765 | D5: ='1.2 Cuidador 20hr'!C28 -> 20 | E5: ='1.2 Cuidador 20hr'!B76 -> 82.715 | F5: =C5/D5 -> 3674.9882 | G5: =F5/E5 -> 44.429526 | H5: =C5*12 -> 881997.18
A6: 2 | B6: Administração Local | C6: ='2. Administração Local'!E18 -> 10439.201 | D6: ='2. Administração Local'!C30+'2. Administração Local'!C40 -> 1 | E6: ='2. Administração Local'!B96 -> 181.973 | H6: =C6*12 -> 125270.41
A8: Total Geral | C8: =SUM(C4:C6) -> 277758.19 | D8: =SUM(D4:D6) -> 51 | H8: =SUM(H4:H6) -> 3333098.3
A11: São Marcos, 15 de maio de 2026
A18: ECZ, Assessoria, Consultoria e Treinamento LTDA.

Sheet 1.1 Cuidador 40hr
A1: PLANILHA DE CUSTOS
A2: 1.1- Contratação serviços de cuidador - 40 horas
A4: Planilha de Composição de Custos
A6: Orçamento Sintético
A7: Descrição do Item | E7: Custo (R$/mês) | F7: %
A8: =A20 -> 1. Mão-de-obra | E8: =+F48 -> 157596.38 | F8: =IFERROR(E8/$E$16,0) -> 0.81311013
A9: =A21 -> 1.1. Categoria Profissional de Cuidador CBO 5162 | E9: =F29 -> 142456.02 | F9: =IFERROR(E9/$E$16,0) -> 0.73499428
A10: =A31 -> 1.2. Vale Transporte | E10: =F36 -> 520.11 | F10: =IFERROR(E10/$E$16,0) -> 0.0026834799
A11: =A38 -> 1.3. Auxílio Alimentação | E11: =F41 -> 13854.645 | F11: =IFERROR(E11/$E$16,0) -> 0.071482304
A12: =A43 -> 1.4. Plano de Benefício Social | E12: =F46 -> 765.6 | F12: =IFERROR(E12/$E$16,0) -> 0.0039500725
A13: =A50 -> 2. Uniformes e Equipamentos de Proteção Individual | E13: =+F62 -> 1860 | F13: =IFERROR(E13/$E$16,0) -> 0.0095965711
A14: =A51 -> 2.1. Uniformes e EPIs | E14: =F60 -> 1860 | F14: =IFERROR(E14/$E$16,0) -> 0.0095965711
A15: =A66 -> 3. Benefícios e Despesas Indiretas | E15: =F70 -> 34362.849 | F15: =IFERROR(E15/$E$16,0) -> 0.17729329
A16: PREÇO TOTAL MENSAL | E16: =E8+E13+E15 -> 193819.23 | F16: =F8+F13+F15 -> 1
A18: Fator de utilização (FU) | B18: =40/44 -> 0.90909091
A20: 1. Mão-de-obra
A21: 1.1. Categoria Profissional de Cuidador CBO 5162
A22: Discriminação | B22: Unidade | C22: Quantidade | D22: Custo unitário | E22: Subtotal | F22: Total (R$)
A23: Piso da categoria | B23: mês | C23: 1 | D23: 2161.05 | E23: =C23*D23 -> 2161.05
A24: Adicional de Insalubridade | B24: % | C24: 40 | D24: =SUM(E23:E23) -> 2161.05 | E24: =C24*D24/100 -> 864.42 | H24: Piso da categoria
A25: Soma | E25: =SUM(E23:E24) -> 3025.47 | H25: Soma
A26: Encargos Sociais | B26: % | C26: ='3. Encargos Sociais'!$C$33*100 -> 69.79 | D26: =E23+E24 -> 3025.47 | E26: =D26*C26/100 -> 2111.4755 | H26: Encargos Sociais
A27: Total por Funcionário | E27: =E23+E24+E26 -> 5136.9455
A28: Total do Efetivo | B28: homem | C28: 30 | D28: =E27 -> 5136.9455 | E28: =C28*D28 -> 154108.37
D29: Fator de util. | E29: =B18 -> 0.90909091 | F29: =(((E23+E26)*E29)+E24)*C28 -> 142456.02
A31: 1.2. Vale Transporte
A32: Discriminação | B32: Unidade | C32: Quantidade | D32: Custo unitário | E32: Subtotal | F32: Total (R$)
A33: Vale Transporte | B33: R$ | C33: 1 | D33: 3.5
A34: Dias Trabalhados por mês | B34: dia | C34: 21
A35: Cuidador | B35: vale | C35: =$C$34*2*(C28) -> 1260 | D35: =IFERROR((($C$34*2*$D$33)-(E23*0.06*C34/C34))/($C$34*2),"-") -> 0.41278571 | E35: =IFERROR(C35*D35,"-") -> 520.11
F36: =SUM(E35:E35) -> 520.11
A38: 1.3. Auxílio Alimentação
A39: Discriminação | B39: Unidade | C39: Quantidade | D39: Custo unitário | E39: Subtotal | F39: Total (R$)
A40: Cuidador | B40: unidade | C40: =C34*C28 -> 630 | D40: =27.15*0.81 -> 21.9915 | E40: =(D40*C40) -> 13854.645
D41: Fator de util. | E41: 1 | F41: =SUM(E40:E40)*E41 -> 13854.645
A43: 1.4. Plano de Benefício Social
A44: Discriminação | B44: Unidade | C44: Quantidade | D44: Custo unitário | E44: Subtotal | F44: Total (R$)
A45: Plano de Benefício Social | B45: unidade | C45: =C28 -> 30 | D45: 25.52 | E45: =C45*D45 -> 765.6
D46: Fator de util. | E46: 1 | F46: =SUM(E45:E45)*E46 -> 765.6
A48: 1. Custo Mensal com Mão-de-obra | F48: =F29+F36+F41+F46 -> 157596.38
A50: 2. Uniformes e Equipamentos de Proteção Individual
A51: 2.1. Uniformes e EPIs
A52: Discriminação | B52: Unidade | C52: Durabilidade (meses) | D52: Custo unitário | E52: Subtotal | F52: Total (R$)
A53: Avental sem mangas | B53: unidade | C53: 2 | D53: 25 | E53: =IFERROR(D53/C53,0) -> 12.5
A54: Guarda pó com mangas curtas | B54: unidade | C54: 6 | D54: 50 | E54: =IFERROR(D54/C54,0) -> 8.3333333
A55: Mascara de proteção facial | B55: unidade | C55: 1 | D55: 10 | E55: =IFERROR(D55/C55,0) -> 10
A56: Luva cirúrgica Caixa com 100 unid | B56: unidade | C56: 1 | D56: 20 | E56: =IFERROR(D56/C56,0) -> 20
A57: Avental impermeável de proteção | B57: unidade | C57: 1 | D57: 16.533 | E57: =IFERROR(D57/C57,0) -> 16.533
A58: Crachá de identificação | B58: unidade | C58: 12 | D58: 10.004 | E58: =IFERROR(D58/C58,0) -> 0.83366667
A59: Quantidade de trabalhadores | C59: =C28 -> 30 | D59: =+SUM(E53:E58) -> 68.2 | E59: =C59*D59 -> 2046
D60: Fator de util. | E60: =B18 -> 0.90909091 | F60: =E59*E60 -> 1860
A62: 2. Custo Mensal com Uniformes e EPIs | F62: =+F60 -> 1860
A64: CUSTO TOTAL MENSAL COM DESPESAS OPERACIONAIS (R$/mês) | F64: =F48+F62 -> 159456.38
A66: 3. Benefícios e Despesas Indiretas
A67: Discriminação | B67: Unidade | C67: Quantidade | D67: Custo unitário | E67: Subtotal | F67: Total (R$)
A68: Benefícios e despesas indiretas | B68: % | C68: ='4. BDI'!C17 -> 0.2155 | D68: =F64 -> 159456.38 | E68: =D68*C68 -> 34362.849
A70: 3. Custo Mensal Com BDI | F70: =E68 -> 34362.849
A72: PREÇO MENSAL TOTAL | F72: =F48+F62+F70 -> 193819.23
A74: PREÇO MENSAL POR FUNCIONÁRIO | F74: =F72/C59 -> 6460.6409
A76: PREÇO MENSAL POR HORA | B76: 165.43 | C76: hrs/func/mês | F76: =F74/B76 -> 39.053623
A78: Obs: cada empresa deverá prever seus encargos sociais e impostos conforme determina a legislação de sua atividade.

Sheet 1.2 Cuidador 20hr
A1: PLANILHA DE CUSTOS
A2: 1.2- Contratação serviços de cuidador - 20 horas
A4: Planilha de Composição de Custos
A6: Orçamento Sintético
A7: Descrição do Item | E7: Custo (R$/mês) | F7: %
A8: =A20 -> 1. Mão-de-obra | E8: =+F48 -> 59848.749 | F8: =IFERROR(E8/$E$16,0) -> 0.8142713
A9: =A21 -> 1.1. Categoria Profissional de Cuidador CBO 5162 | E9: =F29 -> 55020.388 | F9: =IFERROR(E9/$E$16,0) -> 0.7485791
A10: =A31 -> 1.2. Vale Transporte | E10: =F36 -> 397.98438 | F10: =IFERROR(E10/$E$16,0) -> 0.0054147708
A11: =A38 -> 1.3. Auxílio Alimentação | E11: =F41 -> 4198.3773 | F11: =IFERROR(E11/$E$16,0) -> 0.057120962
A12: =A43 -> 1.4. Plano de Benefício Social | E12: =F46 -> 232 | F12: =IFERROR(E12/$E$16,0) -> 0.0031564727
A13: =A50 -> 2. Uniformes e Equipamentos de Proteção Individual | E13: =+F62 -> 620 | F13: =IFERROR(E13/$E$16,0) -> 0.0084354012
A14: =A51 -> 2.1. Uniformes e EPIs | E14: =F60 -> 620 | F14: =IFERROR(E14/$E$16,0) -> 0.0084354012
A15: =A66 -> 3. Benefícios e Despesas Indiretas | E15: =F70 -> 13031.015 | F15: =IFERROR(E15/$E$16,0) -> 0.17729329
A16: PREÇO TOTAL MENSAL | E16: =E8+E13+E15 -> 73499.765 | F16: =F8+F13+F15 -> 1
A18: Fator de utilização (FU) | B18: =20/44 -> 0.45454545
A20: 1. Mão-de-obra
A21: 1.1. Categoria Profissional de Cuidador CBO 5162
A22: Discriminação | B22: Unidade | C22: Quantidade | D22: Custo unitário | E22: Subtotal | F22: Total (R$)
A23: Piso da categoria | B23: mês | C23: 1 | D23: =2023.64*1.0468 -> 2118.3464 | E23: =C23*D23 -> 2118.3464
A24: Adicional de Insalubridade | B24: % | C24: 40 | D24: =SUM(E23:E23) -> 2118.3464 | E24: =C24*D24/100 -> 847.33854 | H24: Piso da categoria
A25: Soma | E25: =SUM(E23:E24) -> 2965.6849 | H25: Soma
A26: Encargos Sociais | B26: % | C26: ='3. Encargos Sociais'!$C$33*100 -> 69.79 | D26: =E23+E24 -> 2965.6849 | E26: =D26*C26/100 -> 2069.7515 | H26: Encargos Sociais
A27: Total por Funcionário | E27: =E23+E24+E26 -> 5035.4364
A28: Total do Efetivo | B28: homem | C28: 20 | D28: =E27 -> 5035.4364 | E28: =C28*D28 -> 100708.73
D29: Fator de util. | E29: =B18 -> 0.45454545 | F29: =(((E23+E26)*E29)+E24)*C28 -> 55020.388
A31: 1.2. Vale Transporte
A32: Discriminação | B32: Unidade | C32: Quantidade | D32: Custo unitário | E32: Subtotal | F32: Total (R$)
A33: Vale Transporte | B33: R$ | C33: 1 | D33: 3.5
A34: Dias Trabalhados por mês | B34: dia | C34: 21
A35: Cuidador | B35: vale | C35: =$C$34*2*(C28) -> 840 | D35: =IFERROR((($C$34*2*$D$33)-(E23*0.06*C34/C34))/($C$34*2),"-") -> 0.47379093 | E35: =IFERROR(C35*D35,"-") -> 397.98438
F36: =SUM(E35:E35) -> 397.98438
A38: 1.3. Auxílio Alimentação
A39: Discriminação | B39: Unidade | C39: Quantidade | D39: Custo unitário | E39: Subtotal | F39: Total (R$)
A40: Cuidador | B40: unidade | C40: =C34*C28 -> 420 | D40: =27.15*0.81 -> 21.9915 | E40: =(D40*C40) -> 9236.43
D41: Fator de util. | E41: =B18 -> 0.45454545 | F41: =SUM(E40:E40)*E41 -> 4198.3773
A43: 1.4. Plano de Benefício Social
A44: Discriminação | B44: Unidade | C44: Quantidade | D44: Custo unitário | E44: Subtotal | F44: Total (R$)
A45: Plano de Benefício Social | B45: unidade | C45: =C28 -> 20 | D45: 25.52 | E45: =C45*D45 -> 510.4
D46: Fator de util. | E46: =B18 -> 0.45454545 | F46: =SUM(E45:E45)*E46 -> 232
A48: 1. Custo Mensal com Mão-de-obra | F48: =F29+F36+F41+F46 -> 59848.749
A50: 2. Uniformes e Equipamentos de Proteção Individual
A51: 2.1. Uniformes e EPIs
A52: Discriminação | B52: Unidade | C52: Durabilidade (meses) | D52: Custo unitário | E52: Subtotal | F52: Total (R$)
A53: Avental sem mangas | B53: unidade | C53: 2 | D53: 25 | E53: =IFERROR(D53/C53,0) -> 12.5
A54: Guarda pó com mangas curtas | B54: unidade | C54: 6 | D54: 50 | E54: =IFERROR(D54/C54,0) -> 8.3333333
A55: Mascara de proteção facial | B55: unidade | C55: 1 | D55: 10 | E55: =IFERROR(D55/C55,0) -> 10
A56: Luva cirúrgica Caixa com 100 unid | B56: unidade | C56: 1 | D56: 20 | E56: =IFERROR(D56/C56,0) -> 20
A57: Avental impermeável de proteção | B57: unidade | C57: 1 | D57: 16.533 | E57: =IFERROR(D57/C57,0) -> 16.533
A58: Crachá de identificação | B58: unidade | C58: 12 | D58: 10.004 | E58: =IFERROR(D58/C58,0) -> 0.83366667
A59: Quantidade de trabalhadores | C59: =C28 -> 20 | D59: =+SUM(E53:E58) -> 68.2 | E59: =C59*D59 -> 1364
D60: Fator de util. | E60: =B18 -> 0.45454545 | F60: =E59*E60 -> 620
A62: 2. Custo Mensal com Uniformes e EPIs | F62: =+F60 -> 620
A64: CUSTO TOTAL MENSAL COM DESPESAS OPERACIONAIS (R$/mês) | F64: =F48+F62 -> 60468.749
A66: 3. Benefícios e Despesas Indiretas
A67: Discriminação | B67: Unidade | C67: Quantidade | D67: Custo unitário | E67: Subtotal | F67: Total (R$)
A68: Benefícios e despesas indiretas | B68: % | C68: ='4. BDI'!C17 -> 0.2155 | D68: =F64 -> 60468.749 | E68: =D68*C68 -> 13031.015
A70: 3. Custo Mensal Com BDI | F70: =E68 -> 13031.015
A72: PREÇO MENSAL TOTAL | F72: =F48+F62+F70 -> 73499.765
A74: PREÇO MENSAL POR FUNCIONÁRIO | F74: =F72/C59 -> 3674.9882
A76: PREÇO MENSAL POR HORA | B76: =165.43/2 -> 82.715 | C76: hrs/func/mês | F76: =F74/B76 -> 44.429526
A78: Obs: cada empresa deverá prever seus encargos sociais e impostos conforme determina a legislação de sua atividade.

Sheet 2. Administração Local
A1: PLANILHA DE CUSTOS
A2: 2 - Contratação serviços gerais - Administração Local
A4: Planilha de Composição de Custos
A6: Orçamento Sintético
A7: Descrição do Item | E7: Custo (R$/mês) | F7: %
A8: =A22 -> 1. Mão-de-obra | E8: =+F61 -> 5102.2337 | F8: =IFERROR(E8/$E$18,0) -> 0.48875713
A9: =A23 -> 1.1. Categoria Profissional de Auxiliar de Administrativo - CBO 4110 | E9: =F31 -> 0 | F9: =IFERROR(E9/$E$18,0) -> 0
A10: =A33 -> 1.1. Supervisor/Encarregado | E10: =F41 -> 4614.8922 | F10: =IFERROR(E10/$E$18,0) -> 0.44207333
A11: =A43 -> 1.2. Vale Transporte | E11: =F48 -> 0 | F11: =IFERROR(E11/$E$18,0) -> 0
A12: =A50 -> 1.2. Auxílio Alimentação | E12: =F54 -> 461.8215 | F12: =IFERROR(E12/$E$18,0) -> 0.044239163
A13: =A56 -> 1.3. Plano de Benefício Social | E13: =F59 -> 25.52 | F13: =IFERROR(E13/$E$18,0) -> 0.0024446316
A14: =A63 -> 2. Uniformes e Equipamentos de Proteção Individual | E14: =+F75 -> 62.166667 | F14: =IFERROR(E14/$E$18,0) -> 0.0059551175
A15: =A64 -> 2.1. Uniformes e EPIs | E15: =F73 -> 62.166667 | F15: =IFERROR(E15/$E$18,0) -> 0.0059551175
A16: =A77 -> 3. Administração Local/Veículo de Apoio | E16: =F81 -> 3424 | F16: =IFERROR(E16/$E$18,0) -> 0.32799446
A17: =A86 -> 4. Benefícios e Despesas Indiretas | E17: =F90 -> 1850.8003 | F17: =IFERROR(E17/$E$18,0) -> 0.17729329
A18: PREÇO TOTAL MENSAL | E18: =E8+E14+E17+E16 -> 10439.201 | F18: =F8+F14+F17+F16 -> 1
A20: Fator de utilização (FU) | B20: =44/44 -> 1
A22: 1. Mão-de-obra
A23: 1.1. Categoria Profissional de Auxiliar de Administrativo - CBO 4110
A24: Discriminação | B24: Unidade | C24: Quantidade | D24: Custo unitário | E24: Subtotal | F24: Total (R$)
A25: Piso da categoria | B25: mês | C25: 1 | D25: 2307.83 | E25: =C25*D25 -> 2307.83
A26: Adicional de Insalubridade | B26: % | C26: 0 | D26: =SUM(E25:E25) -> 2307.83 | E26: =C26*D26/100 -> 0 | H26: Piso da categoria
A27: Soma | E27: =SUM(E25:E26) -> 2307.83 | H27: Soma
A28: Encargos Sociais | B28: % | C28: ='3. Encargos Sociais'!$C$33*100 -> 69.79 | D28: =E25+E26 -> 2307.83 | E28: =D28*C28/100 -> 1610.6346 | H28: Encargos Sociais
A29: Total por Funcionário | E29: =E25+E26+E28 -> 3918.4646
A30: Total do Efetivo | B30: homem | C30: 0 | D30: =E29 -> 3918.4646 | E30: =C30*D30 -> 0
D31: Fator de util. | E31: =B20 -> 1 | F31: =(((E25+E28)*E31)+E26)*C30 -> 0
A33: 1.1. Supervisor/Encarregado
A34: Discriminação | B34: Unidade | C34: Quantidade | D34: Custo unitário | E34: Subtotal | F34: Total (R$)
A35: Piso da categoria | B35: mês | C35: 1 | D35: 2718 | E35: =C35*D35 -> 2718
A36: Complemento por ser encarregado | B36: mês | C36: 1 | D36: 0 | E36: =C36*D36 -> 0
A37: Soma | E37: =E35+E36 -> 2718
A38: Encargos Sociais | B38: % | C38: ='3. Encargos Sociais'!$C$33*100 -> 69.79 | D38: =E37 -> 2718 | E38: =D38*C38/100 -> 1896.8922
A39: Total por funcionário | E39: =E37+E38 -> 4614.8922
A40: Total do Efetivo | B40: homem | C40: 1 | D40: =E39 -> 4614.8922 | E40: =C40*D40 -> 4614.8922
D41: Fator de util. | E41: 1 | F41: =E40*E41 -> 4614.8922
A43: 1.2. Vale Transporte
A44: Discriminação | B44: Unidade | C44: Quantidade | D44: Custo unitário | E44: Subtotal | F44: Total (R$)
A45: Vale Transporte | B45: R$ | C45: 1 | D45: 3.5
A46: Dias Trabalhados por mês | B46: dia | C46: 21
A47: Auxíliar Administrativo | B47: vale | C47: =$C$46*2*(C30) -> 0 | D47: =IFERROR((($C$46*2*$D$45)-(E25*0.06*C46/C46))/($C$46*2),"-") -> 0.2031 | E47: =IFERROR(C47*D47,"-") -> 0
F48: =SUM(E47:E47) -> 0
A50: 1.2. Auxílio Alimentação
A51: Discriminação | B51: Unidade | C51: Quantidade | D51: Custo unitário | E51: Subtotal | F51: Total (R$)
A52: =A47 -> Auxíliar Administrativo | B52: unidade | C52: =C46*C30 -> 0 | D52: =25.42*0.81*1.0468 -> 21.553821 | E52: =(D52*C52) -> 0
A53: Supervisor/Encarregado | B53: unidade | C53: =C46 -> 21 | D53: =27.15*0.81 -> 21.9915 | E53: =(D53*C53) -> 461.8215
D54: Fator de util. | E54: 1 | F54: =SUM(E52:E53)*E54 -> 461.8215
A56: 1.3. Plano de Benefício Social
A57: Discriminação | B57: Unidade | C57: Quantidade | D57: Custo unitário | E57: Subtotal | F57: Total (R$)
A58: Plano de Benefício Social | B58: unidade | C58: =C30+C40 -> 1 | D58: 25.52 | E58: =C58*D58 -> 25.52
D59: Fator de util. | E59: 1 | F59: =SUM(E58:E58)*E59 -> 25.52
A61: 1. Custo Mensal com Mão-de-obra | F61: =F31+F48+F54+F59+F41 -> 5102.2337
A63: 2. Uniformes e Equipamentos de Proteção Individual
A64: 2.1. Uniformes e EPIs
A65: Discriminação | B65: Unidade | C65: Durabilidade (meses) | D65: Custo unitário | E65: Subtotal | F65: Total (R$)
A66: Jaqueta com reflexivo | B66: unidade | C66: 12 | D66: 170 | E66: =IFERROR(D66/C66,0) -> 14.166667
A67: Calça | B67: unidade | C67: 6 | D67: 75 | E67: =IFERROR(D67/C67,0) -> 12.5
A68: Camisa manga curta | B68: unidade | C68: 6 | D68: 40 | E68: =IFERROR(D68/C68,0) -> 6.6666667
A69: Camisa manga longa | B69: unidade | C69: 6 | D69: 43 | E69: =IFERROR(D69/C69,0) -> 7.1666667
A70: Botina, ou tenis compatível | B70: par | C70: 6 | D70: 75 | E70: =IFERROR(D70/C70,0) -> 12.5
A71: Jaleco de manga curta/Colete reflexivo | B71: unidade | C71: 6 | D71: 55 | E71: =IFERROR(D71/C71,0) -> 9.1666667
A72: Quantidade de trabalhadores | C72: =C30+C40 -> 1 | D72: =+SUM(E66:E71) -> 62.166667 | E72: =C72*D72 -> 62.166667
D73: Fator de util. | E73: =B20 -> 1 | F73: =E72*E73 -> 62.166667
A75: 2. Custo Mensal com Uniformes e EPIs | F75: =+F73 -> 62.166667
A77: 3. Administração Local/Veículo de Apoio
A78: Discriminação | B78: Unidade | C78: Quantidade | D78: Custo unitário | E78: Subtotal | F78: Total (R$)
A79: Custo do veículo de apoio (manut/deprec. Comb e outros) 20km/dia | B79: Km/rodados/mês | C79: =21*20 -> 420 | D79: 2.2 | E79: =C79*D79 -> 924
A80: Instalação para Escritório Administrativo (aluguel e despesas do local) | B80: mês | C80: 1 | D80: 2500 | E80: =C80*D80 -> 2500
D81: Fator de utilização | E81: 1 | F81: =SUM(E79:E80) -> 3424
A84: CUSTO TOTAL MENSAL COM DESPESAS OPERACIONAIS (R$/mês) | F84: =F61+F75+F81 -> 8588.4004
A86: 4. Benefícios e Despesas Indiretas
A87: Discriminação | B87: Unidade | C87: Quantidade | D87: Custo unitário | E87: Subtotal | F87: Total (R$)
A88: Benefícios e despesas indiretas | B88: % | C88: ='4. BDI'!C17 -> 0.2155 | D88: =F84 -> 8588.4004 | E88: =D88*C88 -> 1850.8003
A90: 4. Custo Mensal Com BDI | F90: =E88 -> 1850.8003
A92: PREÇO MENSAL TOTAL | F92: =F61+F75+F90+F81 -> 10439.201
A94: PREÇO MENSAL POR FUNCIONÁRIO | F94: =F92/C72 -> 10439.201
A96: PREÇO MENSAL POR HORA | B96: =165.43/40*44 -> 181.973 | C96: hrs/func/mês | F96: =F94/B96 -> 57.366756
A98: Obs: cada empresa deverá prever seus encargos sociais e impostos conforme determina a legislação de sua atividade.

Sheet 3. Encargos Sociais
A1: Orientações para preenchimento:
A3: Composição dos Encargos Sociais
A4: Código | B4: Descrição | C4: Valor
A5: A1 | B5: INSS | C5: 0.2
A6: A2 | B6: SESI | C6: 0.015
A7: A3 | B7: SENAI | C7: 0.01
A8: A4 | B8: INCRA | C8: 0.002
A9: A5 | B9: SEBRAE | C9: 0.006
A10: A6 | B10: Salário educação | C10: 0.025
A11: A7 | B11: Seguro contra acidentes de trabalho | C11: 0.03
A12: A8 | B12: FGTS | C12: 0.08
A13: A | B13: SOMA GRUPO A | C13: =SUM(C5:C12) -> 0.368
A15: B1 | B15: Férias gozadas | C15: 0.065
A16: B2 | B16: 13º salário | C16: 0.0833
A17: B3 | B17: Licença Maternidade/Paternidade | C17: 0.0006
A18: B4 | B18: Faltas justificadas | C18: 0.005
A19: B5 | B19: Auxilio acidente de trabalho | C19: 0.0031
A20: B6 | B20: Auxilio doença | C20: 0.005
A21: B | B21: SOMA GRUPO B | C21: =SUM(C15:C20) -> 0.162
A23: C1 | B23: Aviso prévio indenizado | C23: 0.023
A24: C2 | B24: Férias indenizadas | C24: 0.0461
A25: C3 | B25: Férias indenizadas s/ aviso previo inden. | C25: 0.0041
A26: C4 | B26: Depósito rescisão sem justa causa | C26: 0.024
A27: C5 | B27: Indenização adicional | C27: 0.0026
A28: C | B28: SOMA GRUPO C | C28: =SUM(C23:C27) -> 0.0998
A30: D1 | B30: Reincidência de Grupo A sobre Grupo B | C30: =ROUND(C13*C21,4) -> 0.0596
A31: D2 | B31: Reincidência de Grupo A sobre aviso prévio indenizado | C31: =ROUND((C23*C13),4) -> 0.0085
A32: D | B32: SOMA GRUPO D | C32: =SUM(C30:C31) -> 0.0681
B33: SOMA (A+B+C+D) | C33: =C32+C28+C21+C13 -> 0.6979

Sheet 4. BDI
A1: Orientações para preenchimento:
A2: 1. Esta planilha é somente um modelo-base e deve ser ajustada conforme cada caso concreto.
A3: 2. Preencher somente células em amarelo
A6: Composição do BDI - Benefícios e Despesas Indiretas
D7: Referência estudo TCE
D8: 1° Quartil | E8: Médio | F8: 3° Quartil
A9: Administração Central | B9: AC | C9: 0.04 | D9: 0.0297 | E9: 0.0508 | F9: 0.0627
A10: Seguros/Riscos/Garantias | B10: SRG | C10: 0.0086 | D10: 0.0086 | E10: =0.48%+0.85% -> 0.0133 | F10: =0.82%+0.89% -> 0.0171
A11: Lucro | B11: L | C11: 0.08 | D11: 0.078 | E11: 0.1085 | F11: 0.1355
A12: Despesas Financeiras | B12: DF | C12: 0.0019 | D12: SELIC | E12: 0.12
A13: Tributos - ISS | B13: T | C13: 0.03 | D13: DU | E13: 5
A14: Tributos - PIS/COFINS | C14: 0.0365
A15: Fórmula para o cálculo do BDI:
A16: {[(1+AC+SRG) x (1+L) x (1+DF)] / (1-T)} -1
A17: Resultado do cálculo do BDI: | C17: =ROUND((((1+C9+C10)*(1+C11)*(1+C12))/(1-(C13+C14))-1),4) -> 0.2155
A19: AC = taxa representativa das despesas de rateio da administração central
A20: R = taxa representativa de riscos
A21: S = taxa representativa de seguros
A22: G = taxa representativa de garantias
A23: DF = taxa representativa das despesas financeiras
A24: L = taxa representativa do lucro ou remuneração
A25: T = taxa representativa da incidência de tributos
